 Dungeon Crawl Stone Soup version 0.31-a0-840-g6d2ecbb638 (webtiles) character file.

Game seed: 3683998035796257938

265 Ijustatesigmund the Magician (level 5, -1/30 HPs)
             Began as a Deep Elf Fire Elementalist on Sept 27, 2023.
             Killed from afar by an orc wizard (8 damage)
             ... with a puff of flame
             ... on level 3 of the Dungeon.
             The game lasted 00:03:36 (2798 turns).

Ijustatesigmund the Magician (DEFE)                 Turns: 2798, Time: 00:03:36

Health: -1/30      AC:  3    Str:  5    XL:     5   Next: 99%
Magic:  14/14      EV: 12    Int: 22    God:
Gold:   177        SH:  0    Dex: 15    Spells: 6/13 levels left

rFire   . . .        i - +0 scythe
rCold   . . .        (shield currently unavailable)
rNeg    . . .        a - +0 robe
rPois   .            (no helmet)
rElec   .            s - +0 cloak
rCorr   .            (no gloves)
SInv    .            (no boots)
Will    .....        (no amulet)
Stlth   ++           (no ring)
HPRegen 0.25/turn    (no ring)
MPRegen 0.14/turn

%: no passive effects
@: hasted, very quick
A: no striking features
a: no special abilities


You were on level 3 of the Dungeon.
You visited 1 branch of the dungeon, and saw 3 of its levels.

You collected 177 gold pieces.

Inventory:

Hand Weapons
 i - a +0 scythe (weapon)
Armour
 a - a +0 robe (worn)
 s - a +0 cloak (worn)
Wands
 h - a wand of flame (3)
 k - a wand of iceblast (16)
Scrolls
 d - a scroll of fog {unknown}
 e - a scroll of immolation {unknown}
 f - a scroll of fear {unknown}
 j - a scroll of poison {unknown}
 l - a scroll of blinking {unknown}
 o - a scroll of revelation {unknown}
 p - a scroll of silence {unknown}
 q - a scroll of identify
 r - a scroll of teleportation {unknown}
Potions
 c - 3 potions of brilliance
 m - a potion of cancellation


   Skills:
 - Level 2.1 Fighting
 + Level 2.5 Dodging
 - Level 2.4 Stealth
 + Level 4.8 Spellcasting
 + Level 3.3 Conjurations
 + Level 4.6 Fire Magic
 + Level 0.1 Evocations


You had 6 spell levels left.
You knew the following spells:

 Your Spells              Type           Power      Damage    Failure   Level
a - Foxfire               Conj/Fire      88%        2x1d8     1%          1
b - Scorch                Fire           50%        2d7       2%          2
c - Flame Wave            Conj/Fire      22%        2d8       21%         4

Your spell library contained the following spells:

 Spells                   Type           Power      Damage    Failure   Level
 Summon Small Mammal      Summ           20%        N/A       11%         1
 Inner Flame              Hex/Fire       15%        N/A       12%         3
 Volatile Blastmotes      Fire/Tloc      30%        2d12      12%         3
 Call Canine Familiar     Summ           5%         N/A       30%         3
 Summon Guardian Golem    Hex/Summ       5%         N/A       30%         3


Dungeon Overview and Level Annotations

Branches:
Dungeon (3/15)

Altars:


Message History

Casting: Scorch (safe; 2% risk of failure)
Confirm with . or Enter, or press ? or * to list all spells.
Flames lash the orc wizard.
The orc wizard is lightly wounded.
The orc wizard's fire resistance burns away.
The orc wizard casts a spell.
The orc wizard flickers and vanishes!
Deactivating autopickup; reactivate with Ctrl-A.
The orc wizard gestures wildly while chanting.
The orc wizard flickers and vanishes!
Casting: Scorch (safe; 2% risk of failure)
Confirm with . or Enter, or press ? or * to list all spells.
Flames lash something.
Something hits you but does no damage. The orc hits you but does no damage.
Something hits you. The orc closely misses you.
Casting: Scorch (safe; 2% risk of failure)
Confirm with . or Enter, or press ? or * to list all spells.
Flames lash the orc.
You kill the orc!
A magic dart appears from out of thin air!
The magic dart hits you.
You hear some strange, mumbled words.
A magic dart appears from out of thin air!
The magic dart hits you!
* * * LOW HITPOINT WARNING * * *
You hear some strange, mumbled words.
Something tries to affect you, but you resist.
Something hits you but does no damage.
It was a potion of haste.
You feel yourself speed up. Something hits you.
* * * LOW HITPOINT WARNING * * *
You feel better.
Casting: Scorch (safe; 2% risk of failure)
Confirm with . or Enter, or press ? or * to list all spells.
You don't have enough magic to cast this spell.
Magic courses through your body. Something hits you.
* * * LOW HITPOINT WARNING * * *
You hear some strange, mumbled words.
A puff of flame appears from out of thin air!
The puff of flame hits you!
You die...

''.+###
#....÷................
''....#
#...).###....#.###.##.
''....# #.....#
#....#^# #.##. ''.†..#
#.....# #....#.# #.##.
......# ####.....#
#....#.# #.##. ......#
#........# #....#.#
#.##. ......#
#........#
#....'.###.### ......+
+........#
#....#........ ......#
#......{@#
#....###...... ......#
#....#+#)# #....#
##.>... ###### #...<#
#.# ###### ######
#..... ).# +..... ...
#.... ...# ... ....
.....


There were no monsters in sight!

Vanquished Creatures
  Sigmund (D:2)
  Robin (D:2)
  2 adders (D:2)
  A worm (D:3)
  A dart slug (D:2)
  2 orcs (D:3)
  8 ball pythons
  4 endoplasms
  4 giant cockroaches
  10 goblins
  6 hobgoblins
  2 jackals (D:2)
  2 quokkas
  11 bats
  2 frilled lizards (D:1)
  4 kobolds
  7 rats
68 creatures vanquished.

Vanquished Creatures (others)
  208 foxfires
208 creatures vanquished.

Grand Total: 276 creatures vanquished

Notes
Turn   | Place    | Note
-------+----------+-------------------------------------------
     0 | D:1      | Ijustatesigmund the Deep Elf Fire Elementalist began the
                  | quest for the Orb.
     0 | D:1      | Reached XP level 1. HP: 10/10 MP: 6/6
     2 | D:1      | Noticed an ogre
     2 | D:1      | Noticed a demonspawn
     4 | D:1      | Noticed a naga
     4 | D:1      | Noticed a spriggan
     6 | D:1      | Noticed a felid
     6 | D:1      | Noticed a troll
     8 | D:1      | Noticed a draconian
     8 | D:1      | Noticed an octopode
    10 | D:1      | Noticed a vine stalker
    10 | D:1      | Noticed a merfolk
    12 | D:1      | Noticed an armataur
    12 | D:1      | Noticed a gargoyle
    14 | D:1      | Noticed a human
    16 | D:1      | Noticed a vampire
    16 | D:1      | Noticed an elf
    18 | D:1      | Noticed a minotaur
    20 | D:1      | Noticed a formicid
    22 | D:1      | Noticed a meteoran
    22 | D:1      | Noticed a ghoul
    24 | D:1      | Noticed an armataur
    24 | D:1      | Noticed a demigod
    26 | D:1      | Noticed a demonspawn
    26 | D:1      | Noticed a tengu
   168 | D:1      | Reached XP level 2. HP: 16/16 MP: 4/8
   171 | D:1      | Learned a level 2 spell: Scorch
   842 | D:2      | Noticed Sigmund
   847 | D:2      | Killed Sigmund
   848 | D:2      | Reached skill level 1 in Fighting
   848 | D:2      | Reached XP level 3. HP: 21/21 MP: 2/11
   848 | D:2      | Reached XP level 4. HP: 26/26 MP: 2/12
   848 | D:2      | Reached XP level 5. HP: 30/30 MP: 2/13
  1213 | D:2      | Noticed Robin
  1220 | D:2      | Killed Robin
  1662 | D:2      | Learned a level 4 spell: Flame Wave
  2597 | D:3      | Found a faded altar of an unknown god.
  2695 | D:3      | Found a faded altar of an unknown god.
  2798 | D:3      | Killed from afar by an orc wizard

Illustrated notes

Levels and vault maps discovered:
D:1:      kb_arrival_jail, layout_rooms, minmay_heptomino_o4
D:2:      layout_basic, minmay_diced_spiral, uniq_robin, uniq_sigmund
D:3:      layout_basic, nicolae_overflow_ecumenical_swirl,
          hellmonk_ecumenical_altar_heavens_door

Skill      XL: |  1  2  3  4  5 |
---------------+----------------+-----
Fighting       | 1 2 |  2.1
Spellcasting   | 4 |  4.8
Conjurations   | 3 |  3.3
Fire Magic     | 4 |  4.6
Dodging        | |  2.5
Stealth        | |  2.4
Evocations     | |  0.1

Action                     |  1- 3 |  4- 6 || total
---------------------------+-------+-------++-------
   Cast: Foxfire           |    39 |    85 ||   124
         Scorch            |     3 |     7 ||    10
    Use: Scroll            |       |     3 ||     3
         Potion            |       |     3 ||     3
 Armour: Robe              |     9 |    19 ||    28
  Dodge: Dodged            |    12 |     7 ||    19

Table legend: (Time is in decaauts)
 A = Elapsed time spent in this place.
 B = Non-inter-level travel time spent in this place.
 C = Inter-level travel time spent in this place.
 D = Time resting spent in this place.
 E = Time spent auto-exploring this place.
 F = Levels seen in this place.
 G = Mean time per level.
                   A        B        C        D        E       F      G
               +--------+--------+--------+--------+--------+-----+--------+
         Total |   2796 |   2772 |     24 |    265 |   2091 |   3 |  932.0 |
       Dungeon |   2796 |   2772 |     24 |    265 |   2091 |   3 |  932.0 |
               +--------+--------+--------+--------+--------+-----+--------+

Top non-repeatable levels by time:
     D:2: 1461 daAuts
     D:1: 752 daAuts
     D:3: 583 daAuts
